 Dungeon Crawl Stone Soup version 0.24.0-1-gfbc8707122 (webtiles) character file.

Game seed: 3186761976672753855, levelgen mode: deterministic

137 Aronfury the Skirmisher (level 5, -13/42 HPs)
             Began as a Vampire Abyssal Knight on Oct 26, 2019.
             Was a Believer of Lugonu.
             Mangled by Menkaure (21 damage)
             ... on level 4 of the Dungeon.
             The game lasted 00:13:50 (2522 turns).

Aronfury the Skirmisher (Vampire Abyssal Knight)    Turns: 2522, Time: 00:13:50

Health: -13/42     AC:  8    Str: 11    XL:     5   Next: 0%
Magic:  6/6        EV:  5    Int: 15    God:    Lugonu [**....]
Gold:   182        SH:  0    Dex: 14    Spells: 4/4 levels left

rFire    . . .     SeeInvis +   a - +1 short sword
rCold    . . .     Gourm    .   (no shield)
rNeg     . . .     Faith    .   f - +0 chain mail
rPois    .         Spirit   .   (no helmet)
rElec    .         Reflect  .   (no cloak)
rCorr    .         Harm     .   (no gloves)
MR       .....                  (no boots)
Stlth    ..........             (no amulet)
HPRegen  0.34/turn              (no ring)
MPRegen  0.10/turn              (no ring)

@: regenerating quickly
A: no food, fangs 3, see invisible, unbreathing
a: Exsanguinate, Depart the Abyss, Bend Space, Renounce Religion


You were on level 4 of the Dungeon.
You worshipped Lugonu.
Lugonu was pleased with you.
You were alive.

You visited 1 branch of the dungeon, and saw 4 of its levels.
You visited the Abyss 1 time.

You collected 182 gold pieces.

Inventory:

Hand Weapons
 a - a +1 short sword (weapon)
 o - a +1 dagger of freezing
Armour
 b - a +0 leather armour
 f - a +0 chain mail (worn)
 j - a +0 scale mail
Jewellery
 k - an uncursed amulet of regeneration {unknown}
Scrolls
 d - 5 scrolls of identify {unknown}
 g - a scroll of blinking {unknown}
 h - 2 scrolls of random uselessness {unknown}
 l - a scroll of enchant armour {unknown}
 n - a scroll of immolation {unknown}
 q - 2 scrolls of noise {unknown}
 t - a scroll of remove curse {unknown}
Potions
 c - a potion of berserk rage {unknown}
 e - a potion of agility {unknown}
 i - a potion of curing
 m - a potion of mutation {unknown}
 p - a potion of brilliance {unknown}
 r - a potion of invisibility {unknown}
 s - a potion of haste {unknown}


   Skills:
 + Level 4.0 Fighting
 + Level 3.4 Short Blades
 + Level 1.8 Armour
 + Level 2.4 Dodging
 + Level 1.6 Invocations


You had 4 spell levels left.
You didn't know any spells.
Your spell library was empty.

Dungeon Overview and Level Annotations

Branches:
Dungeon (4/15)
 Temple: D:4-7

Altars:

Shops:
D:4 (

Annotations:
D:4 Menkaure


Innate Abilities, Weirdness & Mutations

You do not eat.
Your natural rate of healing is unusually fast.
You have razor-sharp teeth.
You have supernaturally acute eyesight. (SInv)
You can survive without breathing.


Message History

You hear the hiss of a very distant avalanche of sand.
You open the door.
There is an open door here.
Menkaure, Prince of Dust comes into view.
Menkaure shouts!
Menkaure mumbles some strange words.
Menkaure seems to speed up.
Menkaure points at you and mumbles some strange words.
Pain shoots through your body!
Menkaure calls on the powers of darkness!
Your body is wracked with pain!
You barely miss Menkaure. You bite Menkaure.
Menkaure is lightly damaged.
Menkaure hits you!
* * * LOW HITPOINT WARNING * * *
You hit Menkaure.
Menkaure is heavily damaged.
Menkaure hits you!!
Ouch! That really hurt!
You die...

..#
#.(..)...##..##..........#
(.#
#.#.#..............###...#
..# #.#.#....#..###.####
#...# ..#
###.#...<.......# #...#
..# #.##...##.##### #....
### #.##....#.#
#.##....#.#
########.#.....#.#
.........#.....#@#
#######.....##.#M#
#####.######.#.#
#...............
#.....######...# #.....#
#..# #.....# ...# #[....#
...# #.....#


You could see Menkaure.

Vanquished Creatures
  An orc wizard (D:4)
  4 adders
  A white imp (Abyss:1)
  An ooze (D:1)
  3 dart slugs
  A leopard gecko (D:1)
  6 orcs (D:4)
  A giant cockroach (D:3)
  8 hobgoblins
  6 kobolds
  A quokka (D:2)
  A ball python (D:1)
  4 bats
  4 frilled lizards
  3 goblins
  4 rats
49 creatures vanquished.

Notes
Turn   | Place    | Note
-------+----------+-------------------------------------------
     0 | Abyss:1  | Aronfury the Vampire Abyssal Knight began the quest for the
                  | Orb.
     0 | Abyss:1  | Reached XP level 1. HP: 17/17 MP: 2/2
    47 | Abyss:1  | Reached skill level 3 in Fighting
    96 | Abyss:1  | Noticed an orange demon
    97 | D:1      | Escaped the Abyss
   134 | D:1      | Reached XP level 2. HP: 24/24 MP: 3/3
   394 | D:1      | Reached * piety under Lugonu
   863 | D:2      | Reached XP level 3. HP: 29/29 MP: 4/4
  1218 | D:2      | Reached skill level 1 in Armour
  1763 | D:3      | Reached XP level 4. HP: 25/35 MP: 5/5
  2193 | D:4      | Found Qetewaur's Antique Weapon Emporium.
  2377 | D:4      | Reached ** piety under Lugonu
  2393 | D:4      | Reached skill level 4 in Fighting
  2394 | D:4      | Reached XP level 5. HP: 21/42 MP: 6/6
  2516 | D:4      | Noticed Menkaure
  2522 | D:4      | Mangled by Menkaure

Levels and vault maps discovered:
D:1:      dpeg_arrival_shrine, layout_basic, minmay_split_cup_small
D:2:      layout_loops_ring
D:3:      layout_basic
D:4:      layout_basic, first_ration, serial_shops, shop_statue,
          enter_ossuary_3, uniq_menkaure, uniq_crazy_yiuf_cottage

Skill      XL: |  1  2  3  4 |
---------------+-------------+-----
Fighting       | 3 4 |  4.0
Short Blades   | 3 |  3.4
Armour         | 1 |  1.8
Dodging        | |  2.4
Invocations    | |  1.6

Action                   |  1- 3 |  4- 6 || total
-------------------------+-------+-------++-------
Melee: Short sword       |   139 |    75 ||   214
       Bite              |    11 |     8 ||    19
Invok: Depart the Abyss  |     1 |       ||     1
Armor: Leather armour    |     4 |       ||     4
       Chain mail        |    76 |    28 ||   104
Dodge: Dodged            |    49 |    22 ||    71
